 Dungeon Crawl Stone Soup version 0.30-a0-964-gd452b5e7fa (webtiles) character file.

Game seed: 12894361195257455704

27 123456 the Digger (level 3, 0/19 HPs)
             Began as a Gargoyle Earth Elementalist on Mar 30, 2023.
             Slain by a goblin
             ... wielding a +0 club
             ... led by Robin
              (6 damage)
             ... on level 2 of the Dungeon.
             The game lasted 00:01:42 (1095 turns).

123456 the Digger (Gargoyle Earth Elementalist)     Turns: 1095, Time: 00:01:43

Health: 0/19       AC:  6    Str: 11    XL:     3   Next: 10%
Magic:  6/6        EV: 12    Int: 17    God:
Gold:   65         SH:  0    Dex: 10    Spells: 5/6 levels left

rFire   . . .      SeeInvis .    m - +0 triple sword
rCold   . . .      Faith    .    (shield currently unavailable)
rNeg    + . .      Spirit   .    a - +0 robe
rPois   ∞          Reflect  .    f - +0 helmet
rElec   +          Rampage  .    (no cloak)
rCorr   .                        (no gloves)
Will    .....                    (no boots)
Stlth   ++                       c - amulet of the acrobat
HPRegen 0.23/turn                e - +4 ring of slaying
MPRegen 0.10/turn                (no ring)

@: no status effects
A: sickness immunity, AC +3, negative energy resistance 1, electricity
resistance, torment resistance 1, petrification resistance
a: no special abilities


You were on level 2 of the Dungeon.
You visited 1 branch of the dungeon, and saw 2 of its levels.

You collected 65 gold pieces.

Inventory:

Hand Weapons
 d - a +0 dagger
 m - a +0 triple sword (weapon)
Armour
 a - a +0 robe (worn)
 f - a +0 helmet (worn)
Jewellery
 c - an amulet of the acrobat (around neck)
 e - a +4 ring of slaying (left hand)
Scrolls
 h - a scroll of fear {unknown}
 j - a scroll of amnesia {unknown}
 k - a scroll of identify {unknown}
Potions
 b - 2 potions of magic
 g - a potion of attraction {unknown}
 i - a potion of lignification {unknown}
 l - a potion of might {unknown}


   Skills:
 + Level 1.8 Dodging
 + Level 2.6 Stealth
 * Level 2.4 Spellcasting
 - Level 0.7 Transmutations
 * Level 4.1 Earth Magic


You had 5 spell levels left.
You knew the following spells:

 Your Spells              Type           Power      Damage    Failure   Level
a - Sandblast             Erth           32%        2d9       3%          1

Your spell library contained the following spells:

 Spells                   Type           Power      Damage    Failure   Level
 Passwall                 Tmut/Erth      8%         N/A       11%         2
 Stone Arrow              Conj/Erth      18%        3d8       24%         3
 Petrify                  Tmut/Erth      10%        N/A       56%         4


Dungeon Overview and Level Annotations

Branches:
Dungeon (2/15)

Altars:

Annotations:
D:2 Robin


Innate Abilities, Weirdness & Mutations

You are immune to sickness and miasma.
Your stone body is resilient. (AC +3)
You are immune to poison.
You resist negative energy. (rN+)
You are resistant to electric shocks. (rElec)
You are resistant to unholy torment.
You are immune to petrification.


Message History

A goblin comes into view. It is wielding a +0 club.
A goblin comes into view. It is wielding a +0 dagger.
The goblin completely misses you.
The kobold moves out of view.
You hit the goblin.
The goblin is severely wounded.
Robin throws the goblin at you!
The goblin hits you but does no damage. x2
A goblin comes into view. It is wielding a +0 dagger.
The ball python bites you. The ball python closely misses you.
The goblin misses you.
A frilled lizard comes into view.
The goblin hits you but does no damage. x2
The goblin shouts!
The frilled lizard hisses angrily.
You slash the goblin!
You kill the goblin!
The ball python bites you but does no damage.
The ball python misses you. The goblin hits you but does no damage.
A goblin comes into view. It is wielding a +0 dagger.
A goblin comes into view. It is wielding a +0 club.
The ball python closely misses you. The ball python barely misses you.
The ball python attacks as you move away!
The ball python bites you. The goblin closely misses you.
The kobold throws a stone.
The stone completely misses you. The goblin hits you but does no damage.
There is a stone staircase leading up here.
You see here a +0 club.
The ball python barely misses you. The ball python grabs you.
You stop ascending the stairs.
The ball python constricts you. The goblin hits you but does no damage.
Robin roars a battlecry!
The goblins go into a battle-frenzy!
The goblin hits you with a +0 club. The ball python barely misses you.
The ball python constricts you.
The ball python's grasp on you weakens, but your attempt to escape fails.
Robin throws the goblin at you!
The goblin hits you but does no damage. x3
The ball python bites you. The ball python constricts you.
Unknown command.
You escape the ball python's grasp.
The goblin hits you with a +0 dagger. The kobold hits you but does no damage.
The goblin closely misses you. The goblin hits you with a +0 club.
You die...

$.. #.#
#.# # #.#
#.# #.# ).
#.###g##..
#ggg.g....
#@Sgg.#


#gK.gg# #.g.l....g #.#####.## ... .. ##.# # #.# #.# You could see Robin, 2
hobgoblins, 8 goblins, a ball python, a kobold and a frilled lizard.

Vanquished Creatures
  4 ball pythons (D:1)
  3 bats (D:1)
  3 endoplasms (D:1)
  A giant cockroach (D:1)
  4 goblins
  A hobgoblin (D:1)
  2 kobolds (D:1)
  2 quokkas (D:1)
  2 frilled lizards (D:1)
  2 rats (D:1)
24 creatures vanquished.

Notes
Turn   | Place    | Note
-------+----------+-------------------------------------------
     0 | D:1      | 123456 the Gargoyle Earth Elementalist began the quest for
                  | the Orb.
     0 | D:1      | Reached XP level 1. HP: 10/10 MP: 3/3
   188 | D:1      | Reached XP level 2. HP: 15/15 MP: 3/5
   392 | D:1      | Reached skill level 4 in Earth Magic
   903 | D:1      | Reached XP level 3. HP: 18/19 MP: 3/6
  1087 | D:2      | Noticed Robin
  1095 | D:2      | Slain by a goblin

Illustrated notes

Levels and vault maps discovered:
D:1:      amcnicky_arrival_gap_in_the_tavern_cellar, layout_basic,
          grunt_decor_resistance
D:2:      layout_basic, serial_glass, glass_columns_c, glass_columns_b,
          glass_columns_c, glass_columns_a, glass_columns_a, glass_columns_b,
          glass_columns_b, glass_columns_a, glass_columns_a, glass_columns_c,
          glass_columns_c, glass_columns_b, glass_columns_b, glass_columns_a,
          uniq_robin

Skill      XL: |  1  2 |
---------------+-------+-----
Earth Magic    | 4 |  4.1
Dodging        | |  1.8
Stealth        | |  2.6
Spellcasting   | |  2.4
Transmutations | |  0.7

Action                     || total
---------------------------++-------
  Melee: Dagger            ||     9
         Triple sword      ||    13
   Cast: Sandblast         ||    25
   Stab: Sleeping          ||     1
 Armour: Robe              ||    24
  Dodge: Dodged            ||    46

Table legend: (Time is in decaauts)
 A = Elapsed time spent in this place.
 B = Non-inter-level travel time spent in this place.
 C = Inter-level travel time spent in this place.
 D = Time resting spent in this place.
 E = Time spent auto-exploring this place.
 F = Levels seen in this place.
 G = Mean time per level.
                   A        B        C        D        E       F      G
               +--------+--------+--------+--------+--------+-----+--------+
         Total |   1116 |   1084 |     32 |      0 |    896 |   2 |  558.0 |
       Dungeon |   1116 |   1084 |     32 |      0 |    896 |   2 |  558.0 |
               +--------+--------+--------+--------+--------+-----+--------+

Top non-repeatable levels by time:
     D:1: 1104 daAuts
     D:2: 11 daAuts
